 Dungeon Crawl Stone Soup version 0.32-a0-975-g85d4e5bfdb (webtiles) character file.

Game seed: 15096008747365359468

32 Dittersdorf the Shield-Bearer (level 3, -1/24 HPs)
             Began as a Gargoyle Fighter on Apr 18, 2024.
             Slain by Robin
             ... wielding a +0 falchion of distortion
              (17 damage)
             ... on level 2 of the Dungeon.
             The game lasted 00:00:33 (883 turns).

Dittersdorf the Shield-Bearer (Gargoyle Fighter)     Turns: 883, Time: 00:00:33

Health: -1/24      AC: 12    Str: 21    XL:     3   Next: 27%
Magic:  3/3        EV:  6    Int:  8    God:
Gold:   92         SH:  4    Dex:  9    Spells: 2/2 levels left

rFire   . . .        a - +0 flail
rCold   . . .        c - +0 buckler
rNeg    + . .        g - +0 chain mail
rPois   ∞            (no helmet)
rElec   +            (no cloak)
rCorr   .            (no gloves)
SInv    .            (no boots)
Will    .....        (no amulet) Stlth
                     (no ring)
HPRegen 0.24/turn    (no ring)
MPRegen 0.08/turn

%: no passive effects
@: no status effects
A: sickness immunity, AC +3, negative energy resistance 1, electricity
resistance, torment resistance 1, petrification resistance
a: no special abilities


You were on level 2 of the Dungeon.
You visited 1 branch of the dungeon, and saw 2 of its levels.

You collected 92 gold pieces.

Inventory:

Hand Weapons
 a - a +0 flail (weapon)
Armour
 c - a +0 buckler (worn)
 g - a +0 chain mail (worn)
Scrolls
 f - 2 scrolls of identify {unknown}
Potions
 b - a potion of degeneration {unknown}
 d - a potion of might
 e - a potion of curing {unknown}


   Skills:
 + Level 3.6 Fighting
 + Level 2.5 Maces & Flails
 + Level 3.6 Armour
 + Level 3.7 Shields


You had 2 spell levels left.
You didn't know any spells.
Your spell library contained the following spells:

 Spells                   Type           Power      Damage    Failure   Level
 Freeze                   Ice            0%         1d3       98%         1
 Dazzling Flash           Conj/Hex       0%         N/A       100%        3
 Frozen Ramparts          Ice            0%         1d1       100%        3
 Hailstorm                Conj/Ice       0%         3d5       100%        3
 Mephitic Cloud           Conj/Alch/Air  0%         N/A       100%        3
 Silence                  Hex/Air        0%         N/A       100%        5


Dungeon Overview and Level Annotations

Branches:
Dungeon (2/15)

Altars:

Shops:
D:1 *

Annotations:
D:2 Robin


Innate Abilities, Weirdness & Mutations

You are immune to sickness and miasma.
Your stone body is resilient. (AC +3)
You are immune to poison.
You resist negative energy. (rN+)
You are resistant to electric shocks. (rElec)
You are resistant to unholy torment.
You are immune to petrification.


Message History

You kill the hobgoblin!
The hobgoblin hits you but does no damage.
You barely miss the hobgoblin.
The hobgoblin hits you but does no damage.
Robin roars a battlecry!
The goblins go into a battle-frenzy!
You thump the hobgoblin!
You kill the hobgoblin!
You thump the goblin!
You kill the goblin!
You hit the hobgoblin but do no damage. You block the hobgoblin's attack.
You hit the hobgoblin but do no damage.
The hobgoblin hits you but does no damage.
You barely miss the hobgoblin.
The hobgoblin hits you but does no damage.
Robin throws the goblin at you!
You miss the goblin. The goblin hits you but does no damage.
The hobgoblin hits you. The goblin barely misses you.
The hobgoblin barely misses you.
Robin says, "Kneel, worm!"
You hit the goblin.
You kill the goblin!
The hobgoblin barely misses you.
You sock the hobgoblin!
You kill the hobgoblin!
Robin says, "Feeling lonely?"
You sock the hobgoblin!
You kill the hobgoblin!
Robin throws the goblin at you! The goblin hits you but does no damage.
You miss the goblin. The goblin hits you but does no damage.
The goblin hits you with a +0 club.
You barely miss Robin.
The goblin no longer looks unusually strong.
The goblin hits you but does no damage. You block Robin's attack.
You closely miss Robin. The goblin barely misses you.
Robin hits you with a +0 falchion of distortion.
Space warps horribly around you!
Ouch! That really hurt!
You die...
Robin lets out a smug laugh.

##'####.....# #.#....
#...........# #.#...
#...........# #....# .#
#...........# ####.#.# ...
##...........# #......#....
...........).# #..)g.......
.#.......##### #........#
.###.###.###########........#
...............g@g......>...#
..........#############..####
...#.####.# #..# ...#......#
#)... ...######## #...## ####
#...# ....# ...# ###..


You could see Robin and a goblin.

Vanquished Creatures
  2 bats
  An endoplasm (D:1)
  A giant cockroach (D:1)
  8 goblins (D:2)
  5 hobgoblins
  4 jackals (D:1)
  2 kobolds (D:2)
  A frilled lizard (D:1)
  3 rats
27 creatures vanquished.

Notes
Turn   | Place    | Note
-------+----------+-------------------------------------------
     0 | D:1      | Dittersdorf the Gargoyle Fighter began the quest for the
                  | Orb.
     0 | D:1      | Reached XP level 1. HP: 14/14 MP: 1/1
   178 | D:1      | Reached XP level 2. HP: 19/19 MP: 2/2
   220 | D:1      | Found a faded altar of an unknown god.
   318 | D:1      | Found Vaomith's General Store.
   836 | D:2      | Noticed Robin
   869 | D:2      | Reached XP level 3. HP: 20/23 MP: 3/3
   883 | D:2      | Slain by Robin

Illustrated notes

Levels and vault maps discovered:
D:1:      lightli_arrival_windingriver, layout_loops_cross,
          shapermc_ecumenical_altar_totnotflames, serial_shops,
          nicolae_square_shop
D:2:      layout_basic, minmay_misc_feat_chi, serial_park_tiny_pond, uniq_robin

Action                     || total
---------------------------++-------
  Melee: Flail             ||    91
 Armour: Scale mail        ||    36
         Chain mail        ||    40
  Dodge: Dodged            ||    45
  Block: Buckler           ||    28

Table legend: (Time is in decaauts)
 A = Elapsed time spent in this place.
 B = Non-inter-level travel time spent in this place.
 C = Inter-level travel time spent in this place.
 D = Time resting spent in this place.
 E = Time spent auto-exploring this place.
 F = Levels seen in this place.
 G = Mean time per level.
                   A        B        C        D        E       F      G
               +--------+--------+--------+--------+--------+-----+--------+
         Total |    913 |    827 |     86 |      0 |    648 |   2 |  456.5 |
       Dungeon |    913 |    827 |     86 |      0 |    648 |   2 |  456.5 |
               +--------+--------+--------+--------+--------+-----+--------+

Top non-repeatable levels by time:
     D:1: 748 daAuts
     D:2: 165 daAuts
